AoeStats
← K

Black Forest

510322924Analyzed
4v4 RM · 3d ago on Sep 30, 2026· 38m 45s· 8 players
Game mode
Random Map
Map size
Large (8 player)
Population
200
Speed
Normal
Resources
Standard
Victory
Conquest
Starting age
Dark Age
Ending age
Imperial Age
RankedLock teamsTeams togetherTeam positionsShared explorationLock speedFull tech treeHidden civsTurbo modeCheats
Victory
Defeat
🇹🇼 Danes · Taiwan
1149
+16
🇬🇧 Khmer · United Kingdom
1129
+17
🇨🇳 Wei · China
1124
+17
🇮🇳 Hindustanis · India
1122
+17
🇨🇭 Mongols · Switzerland
1183
-18
🇦🇺 Celts · Australia
1169
-18
🇫🇷 Malay · France
1124
-16
🇹🇼 Britons · Taiwan
1112
-15
DinoBuddies
0:31 Loom
0:33 Loom
13:53 Feudal Age
16:44 Double-Bit Axe
20:17 Castle Age
19:23 Fishing Lines
23:13 Bow Saw
24:08 Stone Mining
24:12 Gold Mining
25:24 Town Watch
28:11 Wheelbarrow
31:45 Gillnets
34:01 Horse Collar
34:58 Hand Cart
37:49 Heavy Plow
38:21 Masonry
38:10 Murder Holes
41:53 Imperial Age
YuangXue
1:54 Loom
11:29 Feudal Age
12:02 Double-Bit Axe
12:53 Horse Collar
13:09 Gold Mining
17:58 Castle Age
19:29 Bow Saw
19:59 Heavy Plow
19:55 Stone Mining
25:27 Wheelbarrow
26:15 Gold Shaft Mining
26:18 Stone Shaft Mining
26:35 Hand Cart
27:55 Scale Barding Armor
28:01 Forging
31:26 Imperial Age
29:49 Treadmill Crane
31:03 Husbandry
31:13 Bloodlines
32:31 Tuntian
32:10 Capped Ram
33:26 Conscription
33:48 Elite Tiger Cavalry
34:55 Ming Guang Armor
35:22 Chain Barding Armor
35:37 Iron Casting
34:33 Siege Ram
38:50 Blast Furnace
Doji
6:43 Loom
11:47 Feudal Age
15:54 Castle Age
13:55 Double-Bit Axe
17:23 Bow Saw
21:30 Fishing Lines
23:05 Gillnets
27:25 Imperial Age
27:13 Elite Skirmisher
29:14 Chemistry
30:25 Conscription
29:56 Fletching
30:07 Padded Archer Armor
30:29 Ballistics
31:33 Two-Man Saw
31:01 Bodkin Arrow
31:47 Wheelbarrow
31:14 Caravan
32:02 Leather Archer Armor
32:30 Bracer
33:29 Ring Archer Armor
35:46 Hand Cart
35:17 Town Watch
35:45 Forging
35:24 Horse Collar
37:27 Iron Casting
37:14 Heavy Plow
38:52 Bloodlines
38:43 Husbandry
38:04 Light Cavalry
40:22 Blast Furnace
39:23 Shatagni
K
10:41 Feudal Age
14:47 Castle Age
14:43 Double-Bit Axe
21:04 Gold Mining
21:01 Horse Collar
23:28 Bow Saw
23:55 Heavy Plow
24:33 Wheelbarrow
28:37 Imperial Age
26:43 Wheelbarrow
25:54 Loom
25:55 Town Watch
27:05 Stone Mining
27:57 Gold Shaft Mining
27:46 Forging
27:41 Scale Barding Armor
28:33 Hand Cart
29:56 Iron Casting
29:41 Chain Barding Armor
31:04 Chemistry
31:27 Conscription
30:27 Elite Ballista Elephant
31:47 Crop Rotation
32:24 Blast Furnace
32:26 Stone Shaft Mining
32:24 Husbandry
32:35 Bloodlines
33:44 Plate Barding Armor
33:16 Tusk Swords
33:17 Double Crossbow
33:45 Ballistics
chiehlin829
0:28 Loom
13:47 Feudal Age
23:29 Castle Age
21:56 Double-Bit Axe
21:54 Horse Collar
27:17 Fishing Lines
32:09 Wheelbarrow
35:09 Imperial Age
32:41 Gold Mining
33:01 Fletching
33:11 Padded Archer Armor
33:44 Bodkin Arrow
33:26 Pikeman
35:00 Ballistics
39:54 Chemistry
38:50 Murder Holes
39:07 Fortified Wall
LArcadia49
1:03 Loom
12:23 Feudal Age
18:54 Castle Age
20:20 Wheelbarrow
19:57 Town Watch
20:40 Double-Bit Axe
20:56 Horse Collar
22:25 Gold Mining
23:19 Fishing Lines
27:39 Forging
32:58 Imperial Age
31:55 Bow Saw
31:50 Heavy Plow
33:17 Hand Cart
33:41 Conscription
33:25 Capped Ram
34:55 Forced Levy
36:40 Ballistics
37:21 Chemistry
36:33 Masonry
36:19 Murder Holes
36:16 Elite Skirmisher
38:41 Padded Archer Armor
38:32 Fletching
39:18 Iron Casting
lethe711
Mr. Bolivar
3:20 Loom
13:45 Feudal Age
17:49 Castle Age
15:35 Double-Bit Axe
16:01 Gold Mining
16:06 Horse Collar
16:54 Stone Mining
19:04 Bow Saw
23:06 Heavy Plow
24:31 Wheelbarrow
26:17 Gold Shaft Mining
26:18 Stone Shaft Mining
26:41 Hand Cart
27:05 Padded Archer Armor
26:56 Fletching
27:16 Forging
32:12 Imperial Age
29:59 Leather Archer Armor
29:51 Scale Barding Armor
30:44 Fortified Wall
31:13 Ballistics
32:19 Bodkin Arrow
33:00 Iron Casting
32:45 Chain Barding Armor
32:53 Caravan
32:34 Elite Mangudai
33:36 Conscription
33:21 Husbandry
33:31 Bloodlines
32:42 Light Cavalry
34:02 Bracer
35:03 Chemistry
36:31 Blast Furnace
35:58 Parthian Tactics
35:38 Thumb Ring
35:10 Light Cavalry
36:14 Hussar
Connection lost

Rejoining the realm…

Still unreachable

The connection could not be restored.

Session expired

The server has moved on; the page needs a fresh start.